 Dungeon Crawl Stone Soup version 0.23.0 (webtiles) character file.

Game seed: 2108250531351895541

248 Inarius the Skirmisher (level 5, -1/42 HPs)
             Began as a Demonspawn Wanderer on Feb 13, 2019.
             Slain by Natasha (8 damage)
             ... on level 3 of the Dungeon.
             The game lasted 00:05:18 (4349 turns).

Inarius the Skirmisher (Demonspawn Wanderer)        Turns: 4349, Time: 00:05:19

Health: -1/42      AC:  6    Str: 10 (12) XL:     5   Next: 86%
Magic:  5/5        EV: 11    Int: 11 (13) God:
Gold:   137        SH:  0    Dex: 13 (14) Spells: 3/4 levels left

rFire    . . .     SeeInvis .   a - +2 dagger
rCold    . . .     Gourm    .   (no shield)
rNeg     . . .     Faith    .   k - +0 ring mail
rPois    .         Spirit   .   (no helmet)
rElec    .         Reflect  .   (no cloak)
rCorr    .         Harm     .   (no gloves)
MR       .....                  o - +0 pair of boots
Stlth    +++.......             (no amulet)
HPRegen  0.14/turn              (no ring)
MPRegen  0.09/turn              (no ring)

@: slowed, very slow
A: nightstalker 2, powered by pain 1
a: no special abilities


You were on level 3 of the Dungeon.
You were not hungry.

You visited 1 branch of the dungeon, and saw 3 of its levels.

You collected 137 gold pieces.

Inventory:

Hand Weapons
 a - a +2 dagger (weapon)
 c - a +0 falchion
Armour
 k - a +0 ring mail (worn)
 o - a +0 pair of boots (worn)
Scrolls
 d - 5 scrolls of teleportation
 i - a scroll of fear {unknown}
 j - 4 scrolls of remove curse {unknown}
 m - a scroll of identify {unknown}
 p - a scroll of amnesia {unknown}
Potions
 b - a potion of degeneration
 e - a potion of brilliance {unknown}
 g - 2 potions of curing {unknown}
 h - 3 potions of lignification {unknown}
 n - a potion of ambrosia {unknown}
Comestibles
 f - 6 rations
 l - 5 chunks of flesh


   Skills:
 + Level 4.0 Fighting
 - Level 1.7 Long Blades
   Level 1.0 Polearms
 + Level 1.0 Throwing
 + Level 2.6 Armour
 - Level 3.0 Dodging
 + Level 1.9 Stealth
 + Level 0.1 Spellcasting
 * Level 1.4 Summonings


You had 3 spell levels left.
You knew the following spells:

 Your Spells              Type           Power        Failure   Level  Hunger
a - Summon Small Mammal   Summ           #...         43%         1    ##.....

Your spell library contained the following spells:

 Spells                   Type           Power        Failure   Level  Hunger
 Animate Skeleton         Necr           N/A          65%         1    ##.....
 Apportation              Tloc           #.....       65%         1    ##.....
 Confusing Touch          Hex            #.....       65%         1    ##.....


Dungeon Overview and Level Annotations

Branches:
Dungeon (3/15)

Altars:
Cheibriados
Fedhas
Okawaru

Annotations:
D:3 Natasha


Innate Abilities, Weirdness & Mutations

You are significantly more attuned to the shadows.
You sometimes gain a little power by taking damage.


Message History

You are too injured to fight recklessly!
You are too injured to fight recklessly!
You are too injured to fight recklessly!
You are too injured to fight recklessly!
You barely miss Natasha.
Natasha is severely wounded.
Natasha claws you.
You hit Natasha.
Natasha is almost dead.
Natasha stares at you and mumbles some strange words.
The magic dart hits you!
* * * LOW HITPOINT WARNING * * *
You completely miss Natasha.
Natasha is almost dead.
Natasha misses you. Natasha closely misses you.
It was a potion of degeneration.
There was something very wrong with that liquid.
You feel weakened.
You feel dopey.
You feel clumsy. Natasha claws you!
You die...

#.##..........
#........#####
###########################
..........................#
#########################.#
......#.# ........#
############.### ....h@..#
#.# #######.# #.#
#.####.###### #..........[#
######.##.###
##########.##.#
#..........##)#
#.###########.###
#.####..........#


You could see Natasha.

Vanquished Creatures
  A bullfrog (D:3)
  An orc wizard (D:3)
  6 adders
  An ooze (D:2)
  4 worms
  4 dart slugs (D:1)
  4 leopard geckos
  7 orcs (D:3)
  6 bats
  5 hobgoblins
  7 jackals
  A quokka (D:2)
  2 ball pythons
  3 frilled lizards
  6 goblins
  8 kobolds
  2 rats (D:2)
68 creatures vanquished.

Notes
Turn   | Place    | Note
-------+----------+-------------------------------------------
     0 | D:1      | Inarius the Demonspawn Wanderer began the quest for the
                  | Orb.
     0 | D:1      | Inarius set off with the following items: a +2 dagger, a
                  | potion of berserk rage, a +0 falchion, a scroll of
                  | teleportation, a +0 robe, a ration
     0 | D:1      | Reached XP level 1. HP: 16/16 MP: 1/1
   279 | D:1      | Gained mutation: You sometimes gain a little power by
                  | taking damage. [demonic ancestry]
   279 | D:1      | Reached XP level 2. HP: 17/23 MP: 2/2
   996 | D:1      | Reached XP level 3. HP: 28/28 MP: 3/3
  1959 | D:2      | Reached skill level 3 in Fighting
  2126 | D:2      | Gained mutation: You are slightly more attuned to the
                  | shadows. [demonic ancestry]
  2126 | D:2      | Reached XP level 4. HP: 18/35 MP: 4/4
  2133 | D:2      | Reached skill level 1 in Armour
  2478 | D:2      | Found an iron altar of Okawaru.
  2795 | D:2      | Found a blossoming altar of Fedhas.
  2795 | D:2      | Found a snail-covered altar of Cheibriados.
  3062 | D:3      | Learned a level 1 spell: Summon Small Mammal
  3660 | D:3      | Noticed a bullfrog
  3820 | D:3      | Killed a bullfrog
  3820 | D:3      | Reached skill level 1 in Summonings
  3820 | D:3      | Gained mutation: You are significantly more attuned to the
                  | shadows. [demonic ancestry]
  3820 | D:3      | Reached XP level 5. HP: 30/42 MP: 5/5
  4330 | D:3      | Noticed Natasha
  4339 | D:3      | Reached skill level 4 in Fighting
  4349 | D:3      | Slain by Natasha

Skill      XL: |  1  2  3  4  5 |
---------------+----------------+-----
Dodging        | 2 3 |  3.0
Fighting       | 3 4 |  4.0
Armour         | 2 |  2.6
Summonings     | 1 |  1.4
Long Blades    | |  1.7
Polearms       | |  1.0
Throwing       | |  1.0
Stealth        | |  1.9
Spellcasting   | |  0.1

Action                   |  1- 3 |  4- 6 || total
-------------------------+-------+-------++-------
Melee: Dagger            |   154 |   194 ||   348
 Cast: Summon Small Mamm |       |     3 ||     3
  Use: Potion            |     1 |     1 ||     2
 Stab: Sleeping          |     3 |     5 ||     8
  Eat: Chunk             |     4 |     7 ||    11
Armor: Robe              |     6 |       ||     6
       Ring mail         |    29 |    45 ||    74
Dodge: Dodged            |    97 |    93 ||   190
